 Dungeon Crawl Stone Soup version 0.17-a0-465-g279efb6 (webtiles) character file.

26859 BluebellGnoll the Bludgeoner (level 13, 0/139 HPs)
             Began as an Ogre Hunter on Apr 6, 2015.
             Was the Champion of Okawaru.
             Killed from afar by a molten gargoyle (11 damage)
             ... with a bolt of magma
             ... on level 3 of the Lair of Beasts.
             The game lasted 01:53:27 (16619 turns).

BluebellGnoll the Bludgeoner (Ogre Hunter)         Turns: 16619, Time: 01:53:27

Health: 0/139      AC:  9    Str: 20    XL:     13   Next: 28%
Magic:  17/17      EV: 10    Int: 10    God:    Okawaru [******]
Gold:   1034       SH: 13    Dex: 14    Spells: 0 memorised, 12 levels left

rFire  + + +     SeeInvis .     v - +1 demon whip (flame)
rCold  . . .     Clarity  .     I - +2 robe {rC+ rF+}
rNeg   . . .     SustAb   .     n - +2 large shield {rF+}
rPois  .         Gourm    .     c - +1 hat {MR+}
rElec  .         Spirit   .     Y - +2 cloak
rCorr  .         Warding  .     (gloves unavailable)
rMut   .         Stasis   .     (boots unavailable)
MR     ++...                    o - amulet of rage
Stlth  +++.......               (no ring)
                                H - ring of fire

@: very resistant to hostile enchantments, fairly stealthy
A: unfitting armour, tough skin 1
a: Heroism, Finesse, Renounce Religion, Evoke Berserk Rage


You were on level 3 of the Lair of Beasts.
You worshipped Okawaru.
Okawaru was exalted by your worship.
You were very hungry.

You visited 3 branches of the dungeon, and saw 15 of its levels.
You also visited: Bailey, Ice Cave and Volcano.

You collected 1034 gold pieces.

Inventory:

Hand weapons
 j - the +1 dire flail of Kismet {flame, rN+ Str+4 Int-5}
   (Okawaru gifted it to you on level 2 of the Lair of Beasts)

   It has been specially enchanted to burn those struck by it, causing extra
   injury to most foes and up to half again as much damage against particularly
   susceptible opponents.
   It affects your strength (+4).
   It affects your intelligence (-5).
   It protects you from negative energy.
 u - a +2 flail of protection
 v - a +1 demon whip of flaming (weapon)
 w - a +0 blowgun
 K - a +3 whip of flaming
Missiles
 e - 397 stones
 A - 42 bolts
 C - 14 large rocks
 E - 4 javelins (quivered)
 L - 28 poisoned needles
 R - 3 steel javelins
 T - 2 throwing nets
 Z - 4 needles of frenzy
Armour
 c - a +1 hat of magic resistance (worn)
 n - a +2 large shield of fire resistance (worn)
 x - the +3 robe of Clouds {+Fly rElec}
   (You took it off an orc in a bailey)

   It insulates you from electricity.
   It lets you fly.
 I - a +2 robe of resistance (worn)
 Y - a +2 cloak (worn)
Jewellery
 o - an amulet of rage (around neck)
 s - an uncursed amulet of clarity
 H - a ring of fire (left hand)
 X - an uncursed amulet of regeneration
Magical devices
 d - a wand of cold (5)
 p - a wand of paralysis (9)
 y - a wand of teleportation (7)
 z - a wand of draining (4)
 M - a wand of fire (6)
Scrolls
 a - a scroll of fear
 g - 5 scrolls of remove curse
 t - a scroll of identify
 J - 2 scrolls of immolation
 N - a scroll of blinking
 U - 2 scrolls of fog
Potions
 b - 2 potions of curing
 h - a potion of resistance
 i - a potion of beneficial mutation {unknown}
 k - 4 potions of cancellation
 l - a potion of heal wounds
 m - a potion of degeneration {unknown}
 q - a potion of mutation {unknown}
 r - a potion of berserk rage
 B - 2 potions of haste
 D - a potion of brilliance {unknown}
 F - 2 potions of invisibility {unknown}
 G - 2 potions of magic
Comestibles
 f - 12 bread rations


   Skills:
 - Level 11.6 Fighting
 - Level 15.1 Maces & Flails
 + Level 9.3 Throwing
 - Level 10.2 Dodging
 - Level 5.8 Stealth
 - Level 5.5 Invocations
 - Level 4.2 Evocations


You had 12 spell levels left.
You didn't know any spells.

Dungeon Overview and Level Annotations

Branches:
Dungeon (11/15)            Temple (1/1) D:4            Lair (3/8) D:11
    Orc (0/4) D:11
  Swamp: Lair:3-6    Shoals: Lair:3-6     Snake: Lair:3-6    Spider: Lair:3-6

Altars:
Ashenzari
Cheibriados
Dithmenos
Elyvilon
Fedhas
Gozag
Kikubaaqudgha
Makhleb
Nemelex Xobeh
Okawaru
Qazlal
Ru
Sif Muna
Vehumet
Xom
Yredelemnul
The Shining One
Beogh


Innate Abilities, Weirdness & Mutations

You are too large for most types of armour.
You have tough skin (AC +1).


Message History

The molten gargoyle is heavily damaged.
You whack the molten gargoyle!
The molten gargoyle is almost destroyed.
You are feeling very hungry.
The molten gargoyle hits you with a mace!
* * * LOW HITPOINT WARNING * * *
You are engulfed in flames.
You resist.
* * * LOW HITPOINT WARNING * * *
You hit the molten gargoyle but do no damage.
The molten gargoyle is almost destroyed.
You hit the molten gargoyle.
The molten gargoyle is almost destroyed.
The molten gargoyle blasts magma at you!
The bolt of magma hits you! You partially resist.
* * * LOW HITPOINT WARNING * * *
You hit the molten gargoyle.
The molten gargoyle is almost destroyed.
The molten gargoyle blasts magma at you!
The bolt of magma hits you! You partially resist.
You die...

*,,,,,,,,,,,,..≈≈≈≈≈≈,,,,*,**
**,,,,,,,,.....≈§≈≈≈≈,****,,*
**,,,*,*.#.#..≈≈≈≈§≈,,* *,**
*,,,,*,..#.#..≈≈§≈§§,** *,*
**,,,,........≈≈≈≈≈≈.* *,**
**,,,#.#.....≈≈≈§≈≈.** *,,**
**..##.........§§..,***,,,*
**,........?.9......#,,*,,**
*,,.........@##**.,*,,,*,****
**,............##..,*,,,,,...P
*.....#.....##)........,,,,...
*##...#......#.........,,,,,...
#......................,,,,,...
#..###......##...###.#.,,,,,,..
#.≈≈≈#.....#.#...##**#,,,,,,,,.
#..≈≈#.............,**,,,,,,,,,
#.P###.#..####......**,*,,,,*,,


You could see a molten gargoyle.

Vanquished Creatures
  Gastronok (Lair:2)
  A fire dragon (D:11)
  A hydra (Lair:3)
  Erolcha (D:8)
  Urug (Lair:2)
  The ghost of hornqvist the Basher, an experienced OgBe of Trog (D:6)
  A fire crab (Volcano)
  An orc knight (D:11)
  2 hill giants
  2 ice statues (IceCv)
  An elephant (Lair:3)
  2 manticores (Volcano)
  An ugly thing (D:11)
  Maurice (D:9)
  2 molten gargoyles (Volcano)
  3 torpor snails (Lair:2)
  A gargoyle (D:11)
  A fire drake (Volcano)
  A komodo dragon (Lair:2)
  A spiny frog (Lair:1)
  2 trolls (D:9)
  3 blink frogs (Lair:2)
  Prince Ribbit (D:5)
  The ghost of Piu the Poker, an average DsGl of Ashenzari (D:3)
  Sigmund (D:6)
  2 deep elf magi
  A shadow (D:11)
  2 fire elementals
  A basilisk (Lair:2)
  Eustachio (D:6)
  A hippogriff (D:8)
  15 yaks
  A fire bat (Volcano)
  A wraith (D:11)
  Menkaure (D:4)
  A hungry ghost (D:8)
  2 porcupines
  Edmund (D:4)
  3 wolves
  8 water moccasins
  A necrophage (D:10)
  2 phantoms
  A wasp (D:9)
  16 orc warriors
  17 ice beasts
  3 ogres (D:8)
  A centaur (D:11)
  5 crocodiles
  9 giant frogs
  2 big kobolds
  3 scorpions
  9 wights
  5 killer bees (D:9)
  An electric eel (Lair:2)
  4 lava snakes
  2 goliath beetles
  3 giant frog zombies
  4 orc wizards
  4 crimson imps
  7 orc priests
  A centaur zombie (D:9)
  6 hounds
  2 jellies
  5 iguanas
  A centaur skeleton (D:10)
  2 giant frog skeletons (D:9)
  4 worker ants
  Natasha (thrice) (D:4)
  8 sheep (Lair:1)
  15 river rats
  A worker ant zombie (D:5)
  15 adders
  3 gnolls (D:8)
  3 shadow imps
  A worm (D:3)
  3 adder skeletons
  An adder zombie (D:6)
  2 oozes (D:2)
  37 orcs
  2 bat skeletons
  2 giant cockroaches
  10 hobgoblins
  21 kobolds
  9 quokkas
  4 ball pythons
  19 bats
  2 giant geckos
  3 giant newts
  2 giant spores
  12 goblins
  9 jackals
  12 rats
  8 ballistomycetes
402 creatures vanquished.

Vanquished Creatures (collateral kills)
  A hill giant (D:11)
  An orc knight (Bailey)
  2 orc warriors (Bailey)
  6 orcs
10 creatures vanquished.

Vanquished Creatures (others)
  A plant (Lair:2)
1 creature vanquished.

Grand Total: 413 creatures vanquished

Notes
Turn   | Place    | Note
--------------------------------------------------------------
     0 | D:1      | BluebellGnoll, the Ogre Hunter, began the quest for the Orb.
     0 | D:1      | Reached XP level 1. HP: 22/22 MP: 1/1
   287 | D:1      | Reached skill level 1 in Maces & Flails
   287 | D:1      | Reached XP level 2. HP: 21/31 MP: 2/2
  1019 | D:2      | Reached XP level 3. HP: 35/37 MP: 3/3
  1380 | D:2      | Found a shimmering altar of Xom.
  1718 | D:3      | Noticed Piu's ghost (average DsGl)
  1928 | D:3      | Reached XP level 4. HP: 45/45 MP: 4/4
  1964 | D:3      | Found a sacrificial altar of Ru.
  2223 | D:3      | Reached skill level 5 in Maces & Flails
  2238 | D:3      | Found a glowing golden altar of the Shining One.
  2239 | D:3      | Noticed an angel
  2256 | D:3      | Found a basalt altar of Yredelemnul.
  2257 | D:3      | Noticed a profane servitor
  2842 | D:3      | Killed Piu's ghost
  2842 | D:3      | Reached skill level 7 in Maces & Flails
  2842 | D:3      | Reached XP level 5. HP: 53/53 MP: 5/5
  2842 | D:3      | Reached XP level 6. HP: 61/61 MP: 6/6
  2992 | D:4      | Found a staircase to the Ecumenical Temple.
  3012 | Temple   | Entered the Ecumenical Temple
  3028 | Temple   | Became a worshipper of Warmaster Okawaru
  3195 | D:4      | Noticed Natasha
  3203 | D:4      | Killed Natasha
  3235 | D:4      | Reached skill level 8 in Maces & Flails
  3265 | D:4      | Noticed Natasha
  3283 | D:4      | Killed Natasha
  3395 | D:4      | Noticed Edmund
  3539 | D:4      | Noticed Natasha
  3550 | D:4      | Killed Natasha
  3637 | D:4      | You fall through a shaft for 2 floors!
  3669 | D:5      | Entered Level 5 of the Dungeon
  3704 | D:4      | Killed Edmund
  3704 | D:4      | Reached XP level 7. HP: 68/70 MP: 7/7
  3809 | D:4      | Noticed Menkaure
  3817 | D:4      | Killed Menkaure
  3817 | D:4      | Reached skill level 5 in Fighting
  3860 | D:5      | Acquired Okawaru's first power
  4064 | D:5      | Found a stormy altar of Qazlal.
  4264 | D:5      | Noticed Prince Ribbit
  4273 | D:5      | Killed Prince Ribbit
  4273 | D:5      | Reached XP level 8. HP: 79/84 MP: 8/8
  4527 | D:6      | Noticed Eustachio
  4562 | D:6      | Killed Eustachio
  4562 | D:6      | Reached skill level 5 in Throwing
  4613 | D:6      | Found a burning altar of Makhleb.
  4617 | D:6      | Found a shadowy altar of Dithmenos.
  4618 | D:6      | Found an ancient bone altar of Kikubaaqudgha.
  4618 | D:6      | Found a white marble altar of Elyvilon.
  4619 | D:6      | Found a deep blue altar of Sif Muna.
  4663 | D:6      | Noticed Sigmund
  4675 | D:6      | Killed Sigmund
  4675 | D:6      | Reached skill level 5 in Dodging
  5051 | D:6      | Found a sparkling altar of Nemelex Xobeh.
  5052 | D:6      | Noticed a tengu warrior
  5130 | D:6      | Noticed hornqvist's ghost (experienced OgBe)
  5142 | D:6      | Killed hornqvist's ghost
  5142 | D:6      | Reached XP level 9. HP: 59/92 MP: 9/9
  5429 | D:7      | You fall through a shaft!
  5542 | D:7      | Got a twisted whip
  5543 | D:7      | Identified the +1 whip "ETAOIN SHRDLU" {flame, Int+3 Dex-3 SInv Stlth+} (You found it on level 7 of the Dungeon)
  5701 | D:7      | Reached skill level 9 in Maces & Flails
  6186 | D:7      | Reached skill level 10 in Maces & Flails
  6656 | D:8      | Reached skill level 11 in Maces & Flails
  6862 | D:8      | Reached XP level 10. HP: 88/100 MP: 10/10
  7015 | D:8      | Noticed Erolcha
  7042 | D:8      | Killed Erolcha
  7042 | D:8      | Reached skill level 12 in Maces & Flails
  7244 | D:8      | Reached skill level 13 in Maces & Flails
  7512 | D:8      | Identified a scroll of acquirement
  7812 | D:9      | Found a flagged portal.
  7930 | Bailey   | Entered a bailey
  7989 | Bailey   | Received a gift from Okawaru
  8505 | Bailey   | Reached skill level 10 in Fighting
  8622 | Bailey   | Found a roughly hewn altar of Beogh.
  8622 | Bailey   | Noticed an orc knight
  8628 | Bailey   | Killed an orc knight
  8628 | Bailey   | Received a gift from Okawaru
  8629 | Bailey   | Received a gift from Okawaru
  9262 | D:9      | Noticed Maurice
  9277 | D:9      | Killed Maurice
  9277 | D:9      | Reached XP level 11. HP: 120/120 MP: 11/11
  9318 | D:9      | Found a stormy altar of Qazlal.
  9478 | D:9      | Acquired Okawaru's second power
  9685 | D:9      | Found a snail-covered altar of Cheibriados.
  9996 | D:9      | Received a gift from Okawaru
 10358 | D:10     | Entered Level 10 of the Dungeon
 10444 | D:10     | Noticed a hill giant
 10704 | D:10     | Noticed a hill giant
 10757 | D:10     | Killed a hill giant
 10757 | D:10     | Received a gift from Okawaru
 11148 | D:11     | Found a staircase to the Lair.
 11199 | D:11     | Received a gift from Okawaru
 11200 | D:11     | Got an ivory great mace {god gift}
 11376 | D:11     | Noticed a hill giant
 11399 | D:11     | Killed a hill giant
 11527 | D:11     | Noticed a hill giant
 11535 | D:11     | Noticed an orc knight
 11546 | D:11     | Killed a hill giant
 11558 | D:11     | Killed an orc knight
 11657 | D:11     | Found a roughly hewn altar of Beogh.
 11750 | D:11     | Found a staircase to the Orcish Mines.
 12045 | D:11     | Reached skill level 14 in Maces & Flails
 12484 | D:11     | Received a gift from Okawaru
 12487 | D:11     | Noticed a fire dragon
 12660 | D:11     | Killed a fire dragon
 12660 | D:11     | Received a gift from Okawaru
 12660 | D:11     | Reached XP level 12. HP: 119/131 MP: 12/12
 12974 | Lair:1   | Entered Level 1 of the Lair of Beasts
 13222 | Lair:1   | Reached skill level 10 in Dodging
 13671 | Lair:1   | Reached skill level 15 in Maces & Flails
 13758 | Lair:1   | Reached skill level 1 in Stealth
 13862 | Lair:2   | Noticed Gastronok
 14110 | Lair:2   | Killed Gastronok
 14110 | Lair:2   | Received a gift from Okawaru
 14135 | Lair:2   | Found a frozen archway.
 14173 | Lair:1   | Reached skill level 5 in Stealth
 14239 | Lair:2   | Got a smoking dire flail {god gift}
 14505 | Lair:2   | Identified the +1 dire flail of Kismet {flame, rN+ Str+4 Int-5} (Okawaru gifted it to you on level 2 of the Lair of Beasts)
 14516 | IceCv    | Entered an ice cave
 14533 | IceCv    | Reached skill level 1 in Invocations
 14533 | IceCv    | Reached skill level 1 in Evocations
 14925 | Lair:2   | Found a snail-covered altar of Cheibriados.
 15226 | Lair:2   | Noticed Urug
 15237 | Lair:2   | Killed Urug
 15237 | Lair:2   | Reached XP level 13. HP: 115/139 MP: 13/16
 15876 | Lair:3   | Found a dark tunnel.
 15898 | Lair:3   | Reached skill level 5 in Invocations
 15922 | Volcano  | Entered a volcano
 16000 | Volcano  | Received a gift from Okawaru
 16156 | Volcano  | Found a radiant altar of Vehumet.
 16619 | Lair:3   | Killed from afar by a molten gargoyle

Action                   |  1- 3 |  4- 6 |  7- 9 | 10-12 | 13-15 || total
-------------------------+-------+-------+-------+-------+-------++-------
Melee: Short sword       |    23 |       |       |       |       ||    23
       Mace              |    56 |       |       |       |       ||    56
       Whip              |    58 |   105 |   244 |   838 |       ||  1245
       Dire flail        |       |       |    62 |   137 |    17 ||   216
       Flail             |       |       |       |     1 |    41 ||    42
       Demon whip        |       |       |       |       |    47 ||    47
 Fire: Blowgun           |       |       |    41 |   115 |     6 ||   162
Throw: Stone             |    27 |       |    30 |     5 |     4 ||    66
       Large rock        |     5 |    12 |     8 |    26 |    11 ||    62
       Throwing net      |       |       |     2 |     1 |       ||     3
       Tomahawk          |       |       |     8 |    25 |       ||    33
       Javelin           |       |       |       |    46 |    13 ||    59
Invok: Heroism           |       |       |       |     7 |       ||     7
 Abil: Evoke Berserk Rag |       |     1 |     2 |     7 |       ||    10
       Evoke Flight      |       |       |       |     5 |       ||     5
Evoke: Wand              |       |       |       |     4 |       ||     4
  Use: Potion            |     1 |       |       |    10 |       ||    11
       Scroll            |       |    15 |     3 |    16 |     1 ||    35
 Stab: Sleeping          |     1 |     1 |     2 |     5 |     1 ||    10
       Distracted        |       |       |     1 |     1 |       ||     2
       Held in net/web   |       |       |     1 |       |       ||     1
  Eat: Chunk             |     2 |     7 |    12 |    37 |     3 ||    61
       Beef jerky        |       |     1 |       |     2 |       ||     3
